 Dungeon Crawl Stone Soup version 0.30.2 (webtiles) character file.

Game seed: 15075556189978671166

17308 Curundu the Cleaver (level 12, -6/102 HPs)
             Began as a Minotaur Berserker on Feb 12, 2024.
             Was a High Priest of Trog.
             Mangled by a manticore (14 damage)
             ... on level 11 of the Dungeon.
             The game lasted 00:40:03 (12012 turns).

Curundu the Cleaver (Minotaur Berserker)           Turns: 12012, Time: 00:40:03

Health: -6/102     AC: 34    Str: 27    XL:     12   Next: 17%
Magic:  11/11      EV: 11    Int:  4    God:    Trog [*****.]
Gold:   708        SH:  0    Dex: 10    Spells: 11/11 levels left

rFire   . . .        w - +1 broad axe (protect)
rCold   + . .        (no shield)
rNeg    . . .        q - +8 chain mail {ponderous}
rPois   .            (helmet restricted)
rElec   .            D - +2 cloak
rCorr   .            c - +2 pair of gloves
SInv    .            (no boots)
Will    ++...        (no amulet) Stlth
                     F - ring of protection from cold
HPRegen 1.37/turn    (no ring)
MPRegen 0.12/turn

%: no passive effects
@: strong-willed, under a protective aura, on berserk cooldown, regenerating,
hasted and slowed, studying Stealth, slow
A: horns 2, retaliatory headbutt
a: Renounce Religion, Berserk, Trog's Hand, Brothers in Arms


You were on level 11 of the Dungeon.
You worshipped Trog.
Trog was extremely pleased with you.
You visited 2 branches of the dungeon, and saw 12 of its levels.
You also visited: Ossuary and Bailey.

You collected 708 gold pieces.

Inventory:

Hand Weapons
 w - a +1 broad axe of protection (weapon)
Missiles
 t - 7 boomerangs
 u - 3 throwing nets
Armour
 c - a +2 pair of gloves (worn)
 d - a +0 plate armour
 q - a +8 chain mail of ponderousness (worn)
 D - a +2 cloak (worn)
Jewellery
 n - a ring of positive energy
 F - a ring of protection from cold (left hand)
 H - an amulet of faith
 K - a ring of ice
Wands
 h - a wand of mindburst (2)
 p - a wand of flame (23) (quivered)
 s - a wand of polymorph (13)
 C - a wand of acid (8)
 I - a wand of paralysis (3)
Scrolls
 a - 3 scrolls of teleportation
 b - 2 scrolls of enchant armour
 i - 3 scrolls of fog
 j - 2 scrolls of silence
 m - 2 scrolls of blinking
 v - 6 scrolls of identify
 y - 2 scrolls of magic mapping
 E - a scroll of butterflies
 J - a scroll of poison {unknown}
Potions
 e - 2 potions of cancellation {unknown}
 f - 5 potions of might
 g - 3 potions of magic {unknown}
 k - 3 potions of brilliance {unknown}
 l - 9 potions of mutation
 o - a potion of curing
 r - a potion of degeneration {unknown}
 x - 4 potions of haste
 z - 2 potions of resistance
 A - 6 potions of flight
 B - 7 potions of heal wounds {unknown}
 G - 2 potions of invisibility {unknown}
 L - a potion of berserk rage {unknown}


   Skills:
 + Level 8.2 Fighting
 * Level 14.2 Axes
 - Level 4.0 Staves
 + Level 1.2 Throwing
 * Level 11.4 Armour
 * Level 7.8 Dodging
 - Level 0.6 Stealth
 * Level 7.7 Shields
 * Level 5.8 Evocations


You had 11 spell levels left.
You didn't know any spells.
Your spell library was empty.

Dungeon Overview and Level Annotations

Branches:
Dungeon (11/15)            Temple (1/1) D:4            Lair (0/5) D:9
    Orc (0/2) D:11        Ossuary (visited)          Bailey (visited)

Altars:
Ashenzari
Elyvilon
Fedhas
Kikubaaqudgha
Nemelex Xobeh
Okawaru
Qazlal
Trog
Uskayaw
Vehumet
Wu Jian
Xom
The Shining One

Shops:
D:1 (   D:4 !:[   D:7 :   D:8 ?


Innate Abilities, Weirdness & Mutations

You have a pair of horns on your head.
You reflexively headbutt those who attack you in melee.


Message History

The boulder beetle leaps!
You barely miss the orc knight.
The orc knight is severely wounded.
The orc knight misses you. You furiously retaliate!
You headbutt the orc knight. You barely miss the orc knight.
Your headbutt misses the orc knight.
The orc knight is almost dead.
The orc knight barely misses you.
You slash the orc knight!
The orc knight is almost dead.
You hit the orc knight but do no damage.
You headbutt the orc knight.
You kill the orc knight!
Trog accepts your kill.
The orc priest mumbles some strange prayers to Beogh against you.
Beogh smites you!
* * * LOW HITPOINT WARNING * * *
You slice the manticore!! You headbutt the manticore.
The manticore is heavily wounded.
The manticore bites you but does no damage.
The manticore claws you but does no damage. x2
The boulder beetle curls into a ball and begins rolling!
You hit the manticore but do no damage. You headbutt the manticore.
The manticore is heavily wounded.
The manticore closely misses you. You furiously retaliate!
You headbutt the manticore!
The manticore claws you but does no damage. x2
You hit the manticore but do no damage.
The manticore is severely wounded.
The manticore bites you but does no damage.
The manticore claws you but does no damage.
The manticore barely misses you.
The boulder beetle stops rolling and uncurls.
Your skin crawls.
You feel strong-willed.
The manticore barely misses you. x2; The manticore misses you.
You slash the manticore!
The manticore is almost dead.
The manticore bites you!
You die...

#[.# .#e## °. #...# ##.## #B## ..
##...# #..# .o## .# #...## ##.##
## #C## .###...# #..##
#.)#Cz##.##...## ##.##.
.:JQ.C.o°##.#.#
#..#..#######BB#..#.# ##.##.#
##H##....# #..##.# ##@##..##.#
#######.###.###(###.###.#########
....:....# #|#.###..........).>..
.........####.####.........<)....
..........# #.# #................
..........###.###.......>........
...........##.##.........<.......
########...##.##....#############
###††#.#.....#


You could see 2 boulder beetles, a manticore and an orc priest.

Vanquished Creatures
  Snorg (D:11)
  Fannar (D:11)
  2 boulder beetles
  3 two-headed ogres
  A skeletal warrior (D:11)
  An orc knight (D:11)
  Pikel (D:5)
  4 cyclopes (D:11)
  A manticore (D:11)
  A yaktaur (D:11)
  A kobold demonologist (D:11)
  A tengu conjurer (D:11)
  2 komodo dragons (D:11)
  2 hornets
  A centaur simulacrum (D:11)
  A slime creature (D:11)
  5 wyverns
  5 yaks (D:11)
  2 shadows
  A vampire (D:11)
  A steam dragon (D:8)
  5 water moccasins (D:9)
  Duvessa (D:4)
  6 orc warriors
  3 black bears
  An ogre (D:5)
  3 wolves (D:9)
  3 centaurs
  A phantom (D:5)
  2 kobold brigands
  A bullfrog (D:7)
  2 gnoll sergeants
  6 scorpions
  5 wights (D:8)
  Dowan (D:4)
  19 killer bees
  The ghost of porpoise the Trooper, a weakling DsBr (D:3)
  5 howler monkeys
  2 electric eels (D:7)
  4 hounds
  A jelly (D:5)
  7 orc priests
  Crazy Yiuf (D:4)
  Terence (D:2)
  2 iguanas
  16 orc wizards
  A sleepcap (D:4)
  9 mummies
  Robin (D:4)
  41 gnolls
  6 adders
  An ufetubus (D:4)
  60 orcs
  2 ball pythons
  8 endoplasms
  A giant cockroach (D:4)
  10 goblins
  5 hobgoblins
  6 jackals
  12 kobolds
  3 quokkas
  3 bats
  4 frilled lizards
  A gnoll zombie (Ossuary)
  A hobgoblin zombie (Ossuary)
  4 kobold zombies (Ossuary)
  2 orc zombies (Ossuary)
  2 rats (D:1)
320 creatures vanquished.

Notes
Turn   | Place    | Note
-------+----------+-------------------------------------------
     0 | D:1      | Curundu the Minotaur Berserker began the quest for the Orb.
     0 | D:1      | Reached XP level 1. HP: 19/19 MP: 0/0
   141 | D:1      | Found Rixuircho's Weapon Emporium.
   404 | D:1      | Reached skill level 4 in Axes
   496 | D:1      | Reached XP level 2. HP: 24/27 MP: 1/1
  1008 | D:2      | Found a bloodstained altar of Trog.
  1008 | D:2      | Identified the +1 barding of the Endless Realms {rF+ rN+
                  | Int-3 Dex+2}
  1224 | D:2      | Reached XP level 3. HP: 25/33 MP: 2/2
  1288 | D:2      | Noticed Terence
  1297 | D:2      | Killed Terence
  1607 | D:3      | Reached XP level 4. HP: 40/41 MP: 3/3
  1621 | D:3      | Reached skill level 5 in Axes
  1657 | D:3      | Identified the +7 spear "Nuematt" {freeze, rElec Str+3
                  | Int+4}
  1697 | D:3      | Found a runed translucent door.
  1699 | D:3      | Noticed porpoise's ghost (weakling DsBr)
  1713 | D:3      | Killed porpoise's ghost
  1714 | D:3      | Reached XP level 5. HP: 47/47 MP: 4/4
  2470 | D:4      | Found Diseaps's Armour Shop.
  2507 | D:4      | Found Weoz's Distillery.
  2553 | D:4      | Reached skill level 1 in Shields
  2559 | D:4      | Found a sand-covered staircase.
  2569 | Ossuary  | Entered an ossuary
  2724 | Ossuary  | Reached skill level 1 in Evocations
  2787 | Ossuary  | Reached skill level 6 in Axes
  2787 | Ossuary  | Reached XP level 6. HP: 24/53 MP: 5/5
  3040 | D:4      | Noticed Duvessa
  3040 | D:4      | Noticed Dowan
  3049 | D:4      | Killed Duvessa
  3049 | D:4      | Reached ** piety under Trog
  3061 | D:4      | Killed Dowan
  3195 | D:4      | Reached XP level 7. HP: 45/60 MP: 6/6
  3224 | D:4      | Found Raprou's Book Emporium.
  3236 | D:4      | Reached skill level 7 in Axes
  3262 | D:4      | Found a sparkling altar of Nemelex Xobeh.
  3275 | D:4      | Noticed Robin
  3288 | D:4      | Killed Robin
  3336 | D:4      | Found a staircase to the Ecumenical Temple.
  3346 | D:4      | Reached skill level 5 in Fighting
  3440 | Temple   | Entered the Ecumenical Temple
  3525 | D:4      | Found a runed translucent door.
  3526 | D:4      | Noticed Crazy Yiuf
  3533 | D:4      | Killed Crazy Yiuf
  4148 | D:5      | Entered Level 5 of the Dungeon
  4237 | D:5      | Reached skill level 1 in Staves
  4237 | D:5      | Reached skill level 5 in Armour
  4351 | D:5      | Reached XP level 8. HP: 60/68 MP: 7/7
  4454 | D:5      | Found an ornate altar of the Wu Jian Council.
  4457 | D:5      | Identified the +2 ring mail "Upuargh" {rF+ Int+9}
  4497 | D:5      | Noticed Pikel
  4499 | D:5      | Found an iron altar of Okawaru.
  4515 | D:5      | Killed Pikel
  4516 | D:5      | Reached skill level 8 in Axes
  5097 | D:6      | Reached XP level 9. HP: 75/75 MP: 8/8
  5722 | D:7      | Reached skill level 5 in Dodging
  5868 | D:7      | Paralysed by a hornet for 2 turns
  6229 | D:7      | Found Jukiqiv's Book Boutique.
  6313 | D:7      | Reached *** piety under Trog
  6367 | D:7      | Noticed a two-headed ogre
  6374 | D:7      | Killed a two-headed ogre
  6375 | D:7      | Reached skill level 9 in Axes
  6375 | D:7      | Reached skill level 5 in Shields
  6967 | D:8      | Found a white marble altar of Elyvilon.
  7044 | D:8      | Found an ancient bone altar of Kikubaaqudgha.
  7044 | D:8      | Found a hide-covered altar of Uskayaw.
  7205 | D:8      | Reached XP level 10. HP: 23/84 MP: 9/9
  7450 | D:8      | Found Xubuoq's Magic Scroll Emporium.
  7667 | D:8      | Found a runed translucent door.
  7725 | D:8      | Reached skill level 1 in Throwing
  7741 | D:8      | Reached skill level 10 in Axes
  7767 | D:8      | Reached **** piety under Trog
  8325 | D:9      | Found a blossoming altar of Fedhas.
  8373 | D:9      | Noticed a two-headed ogre
  8389 | D:9      | Killed a two-headed ogre
  8463 | D:9      | Noticed a boulder beetle
  8503 | D:9      | Killed a boulder beetle
  8504 | D:9      | Reached skill level 11 in Axes
  8720 | D:9      | Found a radiant altar of Vehumet.
  8728 | D:9      | Identified the +6 trident of Azoitimp {freeze, Dex+2}
  8767 | D:9      | Found a staircase to the Lair.
  9104 | D:9      | Reached XP level 11. HP: 75/92 MP: 10/10
  9437 | D:9      | Reached skill level 12 in Axes
  9695 | D:10     | Entered Level 10 of the Dungeon
  9774 | D:10     | Reached skill level 5 in Evocations
  9796 | D:10     | Found a stormy altar of Qazlal.
  9830 | D:10     | Found a flagged portal.
  9845 | Bailey   | Entered a bailey
  9887 | Bailey   | Reached ***** piety under Trog
 10917 | D:10     | Reached skill level 10 in Armour
 11034 | D:10     | Noticed a two-headed ogre
 11043 | D:10     | Killed a two-headed ogre
 11130 | D:11     | Found a staircase to the Orcish Mines.
 11480 | D:11     | Noticed Fannar
 11480 | D:11     | Noticed Snorg
 11495 | D:11     | Killed Fannar
 11496 | D:11     | Reached skill level 13 in Axes
 11501 | D:11     | Killed Snorg
 11908 | D:11     | Noticed a boulder beetle
 11909 | D:11     | Noticed a deep elf pyromancer
 11909 | D:11     | Noticed a boulder beetle
 11909 | D:11     | Noticed an orc knight
 11909 | D:11     | Noticed a skeletal warrior
 11909 | D:11     | Noticed a boulder beetle
 11920 | D:11     | Killed a skeletal warrior
 11937 | D:11     | Killed a boulder beetle
 11963 | D:11     | Reached XP level 12. HP: 68/101 MP: 11/11
 11966 | D:11     | Received a gift from Trog
 11974 | D:11     | Reached skill level 14 in Axes
 12007 | D:11     | HP: 4/101 [orc priest/divine providence (11)]
 12012 | D:11     | Mangled by a manticore

Illustrated notes

Levels and vault maps discovered:
D:1:      minmay_arrival_three_doors, layout_basic, serial_shops, shop,
          serial_corexii_hall, corexii_hall_statues_x, chequers_hall_statues_y,
          corexii_hall_statues_x
D:2:      layout_rooms, basic_altar, uniq_terence
D:3:      layout_basic, gammafunk_ghost_grave, nrook_uturn,
          dreamdust_wishing_well, minmay_misc_feat_more_columns
D:4:      layout_basic, nemelex_diamond_rough_becter,
          minmay_temple_entry_large_hall, gup_ossuary_entry_pyramid,
          serial_shops, shop, shop, nicolae_shop_advertising_works
          [nicolae_subvault_shop_adworks], uniq_duvessa,
          uniq_crazy_yiuf_cottage, uniq_robin
D:5:      layout_rooms, nicolae_wu_jian_wuxing_cycle, okawaru_gym_becter,
          uniq_pikel
D:6:      layout_basic, abandoned_shop, kennysheep_generic_room_6
D:7:      layout_loops_cross, serial_bayou, serial_bayou_shore_a,
          serial_bayou_ford_a, serial_bayou_crossing, serial_bayou_pond_c,
          serial_bayou_pond_d, serial_shops, nicolae_shop_crystal
D:8:      layout_loops_ring, mainiacjoe_overflow_six_doors_small,
          mainiacjoe_overflow_divided_tiny, serial_shops,
          nicolae_shop_hallway_plus, small_chamber_with_monster,
          lightli_church_of_beogh
D:9:      layout_cave_pods, mainiacjoe_overflow_24_doors, old_standard_altar,
          minmay_lair_entry_grove
D:10:     layout_gridville, grunt_qazlal_clouds, lightli_bailey_entry_fortress
D:11:     minmay_the_grid_triangle_9x9_recursive_2_mashed
          [minmay_the_grid_triangle_9x9_prize_insulated,
          minmay_the_grid_triangle_9x9_cache,
          minmay_the_grid_triangle_9x9_sprig,
          minmay_the_grid_triangle_9x9_minimal], layout_cross, serial_shops,
          nicolae_shop_industrial_runoff, kennysheep_generic_room_15,
          uniq_snorg, uniq_fannar
Temple:   cyrus_circular_temple

Skill      XL: |  1  2  3  4  5  6  7  8  9 10 11 12 |
---------------+-------------------------------------+-----
Axes           | 4 5 6 7 8 9 11 13 14 | 14.2
Fighting       | 4 5 6 7 8 |  8.2
Shields        | 1 2 4 5 6 7 |  7.7
Armour         | 3 5 6 8 9 11 | 11.4
Dodging        | 3 4 5 6 7 |  7.8
Evocations     | 1 2 3 4 5 |  5.8
Staves         | 1 3 4 |  4.0
Throwing       | 1 |  1.2
Stealth        | |  0.6

Action                     |  1- 3 |  4- 6 |  7- 9 | 10-12 || total
---------------------------+-------+-------+-------+-------++-------
  Melee: Hand axe          |    57 |   100 |    30 |       ||   187
         Headbutt          |     6 |    21 |    36 |    93 ||   156
         Punch             |     1 |       |     3 |     6 ||    10
         Quarterstaff      |       |       |   107 |       ||   107
         Broad axe         |       |       |    82 |   491 ||   573
         War axe           |       |       |    52 |       ||    52
  Throw: Boomerang         |       |       |    23 |       ||    23
 Invoke: Berserk           |     1 |     2 |     2 |     5 ||    10
         Trog's Hand       |       |       |     9 |     8 ||    17
  Evoke: Wand              |       |       |     6 |       ||     6
    Use: Scroll            |       |       |    18 |     5 ||    23
         Potion            |       |       |     3 |     5 ||     8
 Armour: Animal skin       |     9 |       |       |       ||     9
         Chain mail        |     6 |    67 |   347 |   435 ||   855
  Dodge: Dodged            |    48 |    50 |   230 |   389 ||   717
